 Dungeon Crawl Stone Soup version 0.29-a0-88-g03a7b78be7 (webtiles) character file.

Game seed: 16358814903414060212

3059 issech the Basher (level 9, -2/79 HPs)
             Began as a Troll Monk on Feb 5, 2022.
             Was a Believer of Hepliaklqana.
             Slain by a two-headed ogre (20 damage)
             ... on level 8 of the Dungeon.
             The game lasted 00:27:29 (5817 turns).

issech the Basher (Troll Monk)                      Turns: 5817, Time: 00:27:30

Health: -2/79      AC: 10    Str: 21    XL:     9   Next: 57%
Magic:  8/8        EV: 11    Int:  6    God:    Hepliaklqana [**....]
Gold:   358        SH:  0    Dex: 16    Spells: 8/8 levels left

rFire   + . .      SeeInvis +   u - +4 dire flail (protect)
rCold   . . .      Faith    .   (shield currently unavailable)
rNeg    . . .      Spirit   .   P - +5 robe of Patience {-Cast Harm rF+ Slay+2}
rPois   .          Reflect  .   (helmet restricted)
rElec   .          Harm     +   Y - +0 cloak
rCorr   .          Rampage  .   (gloves unavailable)
Will    .....      NoCast   +   (boots unavailable)
Stlth   ++........              (no amulet)
HPRegen 1.03/turn               f - ring of see invisible
MPRegen 0.11/turn               n - +4 ring of slaying

@: no status effects
A: reduced essence, large, unfitting armour, claws 3, regeneration 1, shaggy fur
1, tough skin 1
a: Renounce Religion, Recall Ancestor, Ancestor Identity


You were on level 8 of the Dungeon.
You worshipped Hepliaklqana.
Hepliaklqana was pleased with you.
You visited 2 branches of the dungeon, and saw 9 of its levels.

You collected 358 gold pieces.

Inventory:

Hand Weapons
 a - a +0 mace
 u - a +4 dire flail of protection (weapon)
 v - a +2 dagger of venom
 D - a +0 shortbow
 F - a +1 whip of venom
 O - a +0 giant spiked club
 Q - a +0 flail of holy wrath
 S - a +0 hand axe of flaming
 U - a +3 dagger
 V - a +3 halberd
Missiles
 c - 321 stones (quivered)
 h - 46 bolts
 i - 129 arrows
 s - 6 poisoned darts
 y - 83 sling bullets
 G - a javelin
 H - an atropa-tipped dart
 I - a throwing net
 R - 3 boomerangs of dispersal
Armour
 d - a +0 troll leather armour
 q - a +0 kite shield
 P - the +5 robe of Patience (worn) {-Cast Harm rF+ Slay+2}
   (You found it on level 6 of the Dungeon)

   Slay:      It affects your accuracy & damage with ranged weapons and melee
   (+2).
   rF:        It protects you from fire.
   -Cast:     It prevents spellcasting.
   Harm:      It increases damage dealt and taken.
 Y - a +0 cloak (worn)
Jewellery
 f - a ring of see invisible (left claw)
 n - a +4 ring of slaying (right claw)
 A - a ring of wizardry
Wands
 E - a wand of flame (18)
Scrolls
 k - 8 scrolls of teleportation
 l - a scroll of vulnerability {unknown}
 r - a scroll of torment
 w - a scroll of noise
 x - a scroll of magic mapping
 z - a scroll of immolation
 C - 2 scrolls of amnesia
 K - a scroll of brand weapon
 L - 3 scrolls of enchant weapon
 W - a scroll of fear
Potions
 b - a potion of attraction {unknown}
 e - a potion of mutation {unknown}
 g - 2 potions of invisibility
 j - a potion of flight {unknown}
 m - 3 potions of brilliance {unknown}
 o - 2 potions of degeneration {unknown}
 p - 2 potions of haste
 t - 3 potions of heal wounds
 B - 3 potions of curing {unknown}
 J - a potion of resistance {unknown}
 M - a potion of berserk rage {unknown}
 N - a potion of magic {unknown}
 T - a potion of might {unknown}


   Skills:
 + Level 5.3 Fighting
 + Level 9.9 Maces & Flails
 + Level 0.4 Throwing
 + Level 4.5 Dodging
 + Level 2.5 Stealth
 + Level 1.1 Shields


You had 8 spell levels left.
You didn't know any spells.
Your spell library contained the following spells:

 Spells                   Type           Power      Damage    Failure   Level
 Animate Skeleton         Necr           0%         N/A       45%         1
 Apportation              Tloc           0%         N/A       45%         1
 Beastly Appendage        Tmut           0%         N/A       45%         1
 Summon Small Mammal      Summ           0%         N/A       45%         1
 Wereblood                Tmut           0%         N/A       58%         2
 Gell's Gravitas          Tloc           0%         N/A       83%         3
 Lesser Beckoning         Tloc           0%         N/A       83%         3
 Spider Form              Tmut/Pois      0%         N/A       83%         3
 Teleport Other           Tloc           0%         N/A       83%         3
 Alistair's Intoxication  Tmut/Pois      0%         N/A       100%        5
 Borgnjor's Vile Clutch   Necr/Erth      0%         N/A       100%        5
 Eringya's Noxious Bog    Tmut/Pois      0%         N/A       100%        6


Dungeon Overview and Level Annotations

Branches:
Dungeon (8/15)             Temple (1/1) D:6
   Lair: D:8-11

Altars:
Ashenzari
Cheibriados
Elyvilon
Fedhas
Gozag
Hepliaklqana
Kikubaaqudgha
Nemelex Xobeh
Okawaru
Ru
Sif Muna
Trog
Uskayaw
Vehumet
Wu Jian
Xom
Zin

Shops:
D:5 (   D:7 !


Innate Abilities, Weirdness & Mutations

Your life essence is reduced to manifest your ancestor. (-10% HP)
You are too large for most types of armour.
You have claws for hands.
Your natural rate of healing is unusually fast.
You are covered in fur. (AC +1)
You have tough skin. (AC +1)


Message History

Found 17 stones.
Amurritum hits the two-headed ogre with a +0 quarterstaff!
You barely miss the two-headed ogre.
The two-headed ogre is moderately wounded.
The two-headed ogre hits you with a +0 giant club.
The two-headed ogre barely misses you.
Amurritum hits the two-headed ogre with a +0 quarterstaff.
The two-headed ogre hits you with a +0 giant club!! x2
* * * LOW HITPOINT WARNING * * *
Amurritum points at the two-headed ogre and mumbles some strange words.
The stone arrow hits the two-headed ogre!
Amurritum barely misses the two-headed ogre.
The two-headed ogre hits Amurritum with a +0 giant club!!
The two-headed ogre hits Amurritum with a +0 giant club!
Amurritum is destroyed!
The two-headed ogre shouts in stereo!
You open the door.
There is an open door here.
The two-headed ogre hits you but does no damage.
The two-headed ogre hits you with a +0 giant club.
There is an open door here.
You see here a +0 falchion.
You thump the two-headed ogre!
Your weapon exudes an aura of protection.
The two-headed ogre is heavily wounded.
The two-headed ogre hits you with a +0 giant club! x2
There is a stone staircase leading down here.
The two-headed ogre hits you with a +0 giant club!
* * * LOW HITPOINT WARNING * * *
The two-headed ogre misses you.
Amurritum emerges from the mists of memory!
Amurritum hits the two-headed ogre with a +0 quarterstaff!
The two-headed ogre closely misses you.
The two-headed ogre hits you with a +0 giant club!
* * * LOW HITPOINT WARNING * * *
Amurritum hits the two-headed ogre with a +0 quarterstaff!
You completely miss the two-headed ogre.
The two-headed ogre is almost dead.
The two-headed ogre hits you with a +0 giant club!
You die...

###..<.# ##
#......##################
#.........#.......#......
#.........#.⌠.⌠.⌠.#......
#.........#......)#).....
#......##.#>......).###..
#......####.......#####..
#.........#.⌠.⌠.⌠.#......
#.......@.#.......#.....>
#........O#########......
#........R...............
#........................
#........................
#########################


You could see the friendly Amurritum the battlemage and a two-headed ogre (ally
target).

Vanquished Creatures
  A troll (D:7)
  Grinder (D:4)
  Edmund (D:3)
  Menkaure (D:7)
  2 water moccasins (D:6)
  2 sky beasts
  2 black bears
  A necrophage (D:5)
  2 ice beasts
  An ogre (D:6)
  3 centaurs
  A phantom (D:7)
  A bullfrog (D:6)
  A scorpion (D:6)
  3 killer bees (D:4)
  5 wights (D:6)
  2 bullfrog zombies (D:6)
  2 jellies
  3 hounds
  2 centaur skeletons
  Ijyb (D:5)
  2 orc wizards
  2 adders
  A howler monkey skeleton (D:7)
  An adder skeleton (D:5)
  2 worms (D:2)
  3 dart slugs
  11 orcs
  3 endoplasms
  14 giant cockroaches
  8 goblins
  7 hobgoblins
  2 jackals (D:2)
  2 quokkas (D:2)
  3 training dummies (D:5)
  5 ball pythons
  3 bats (D:1)
  2 frilled lizards
  5 kobolds
  4 rats
118 creatures vanquished.

Vanquished Creatures (collateral kills)
  A sky beast (D:7)
  A black bear (D:6)
  A centaur zombie (D:8)
3 creatures vanquished.

Vanquished Creatures (others)
  A battlemage (D:8)
1 creature vanquished.

Grand Total: 122 creatures vanquished

Notes
Turn   | Place    | Note
-------+----------+-------------------------------------------
     0 | D:1      | issech the Troll Monk began the quest for the Orb.
     0 | D:1      | Reached XP level 1. HP: 22/22 MP: 0/0
   167 | D:1      | Found a faded altar of an unknown god.
   187 | D:1      | Reached skill level 3 in Maces & Flails
   274 | D:1      | Reached XP level 2. HP: 29/29 MP: 1/1
   683 | D:2      | Reached XP level 3. HP: 35/36 MP: 2/2
  1844 | D:3      | Reached XP level 4. HP: 38/44 MP: 3/3
  2233 | D:4      | Noticed Edmund
  2236 | D:4      | Noticed Grinder
  2392 | D:3      | Killed Edmund
  2393 | D:3      | Reached skill level 4 in Maces & Flails
  2393 | D:3      | Reached XP level 5. HP: 43/53 MP: 4/4
  2466 | D:4      | Paralysed by Grinder for 7 turns
  2475 | D:4      | Paralysed by Grinder for 3 turns
  2486 | D:4      | Paralysed by Grinder for 5 turns
  2497 | D:4      | Paralysed by Grinder for 7 turns
  2503 | D:4      | HP: 2/53 [Grinder (2)]
  2524 | D:4      | Paralysed by Grinder for 7 turns
  2534 | D:4      | Killed Grinder
  2535 | D:4      | Reached skill level 5 in Maces & Flails
  2535 | D:4      | Reached XP level 6. HP: 12/61 MP: 5/5
  2637 | D:4      | Noticed a sky beast
  2793 | D:4      | Reached XP level 7. HP: 61/67 MP: 6/6
  3063 | D:4      | Reached skill level 6 in Maces & Flails
  3078 | D:4      | Reached skill level 1 in Shields
  3117 | D:5      | Entered Level 5 of the Dungeon
  3260 | D:5      | Noticed Ijyb
  3298 | D:5      | Killed Ijyb
  3331 | D:5      | Reached skill level 7 in Maces & Flails
  3356 | D:5      | Reached XP level 8. HP: 36/78 MP: 7/7
  3871 | D:5      | Found Nyshif's Firing Range.
  4119 | D:6      | Reached skill level 8 in Maces & Flails
  4327 | D:6      | Found a staircase to the Ecumenical Temple.
  4347 | Temple   | Entered the Ecumenical Temple
  4405 | Temple   | Became a worshipper of Hepliaklqana the Forgotten
  4405 | Temple   | Reached * piety under Hepliaklqana
  4405 | Temple   | Reached ** piety under Hepliaklqana
  4406 | Temple   | Remembered your ancestor Amurritum as a battlemage
  4447 | D:6      | Identified the +5 robe of Patience {-Cast Harm rF+ Slay+2}
  4562 | D:6      | Reached XP level 9. HP: 56/76 MP: 8/8
  4578 | D:6      | Reached skill level 9 in Maces & Flails
  4947 | D:7      | Found Imi Cuff's Distillery.
  5048 | D:7      | Reached skill level 5 in Fighting
  5060 | D:7      | Noticed a troll
  5071 | D:7      | Killed a troll
  5141 | D:7      | Found an ornate altar of the Wu Jian Council.
  5172 | D:7      | Found a shimmering altar of Xom.
  5570 | D:7      | Noticed Menkaure
  5574 | D:7      | Killed Menkaure
  5742 | D:8      | Noticed a two-headed ogre
  5817 | D:8      | Slain by a two-headed ogre

Illustrated notes

Levels and vault maps discovered:
D:1:      lightli_arrival_boilingwater, layout_basic, basic_ecumenical_altar
D:2:      minmay_roachtagon, layout_loops_cross
D:3:      layout_loops_ring, columned_hall_lemuel, minmay_misc_feat_cross
D:4:      layout_loops_cross, uniq_grinder, uniq_edmund
D:5:      layout_loops_cross, eino_tiny_chamber, hangedman_decor_riveting,
          nicolae_shop_firing_range, uniq_ijyb
D:6:      layout_loops_ring, minmay_temple_entry_sparse_star,
          kennysheep_generic_room_9
D:7:      layout_gridville, nzn_wu_jian_council_hall, xom_teletrap_fun,
          serial_shops, shop, uniq_menkaure
D:8:      layout_gridville, mainiacjoe_overflow_alcove_4,
          mainiacjoe_overflow_brackets, gammafunk_ghost_stat_death,
          hangedman_abyss_or_decor_slice, grunt_ministairs_3
Temple:   eino_wide_crystal_templ

Skill      XL: |  1  2  3  4  5  6  7  8  9 |
---------------+----------------------------+-----
Maces & Flails | 3 4 5 7 8 9 |  9.9
Fighting       | 3 4 5 |  5.3
Dodging        | 3 4 |  4.5
Shields        | 1 |  1.1
Stealth        | 2 |  2.5
Throwing       | |  0.4

Action                   |  1- 3 |  4- 6 |  7- 9 || total
-------------------------+-------+-------+-------++-------
Melee: Mace              |   170 |    45 |       ||   215
       Punch             |     2 |       |       ||     2
       Dire flail        |       |     5 |   154 ||   159
Throw: Stone             |       |     3 |       ||     3
Invok: Ancestor Life: Ba |       |       |     1 ||     1
  Use: Scroll            |       |     2 |     7 ||     9
 Stab: Sleeping          |     1 |       |     1 ||     2
       Distracted        |       |       |     3 ||     3
Armor: Robe              |    67 |    12 |    60 ||   139
Dodge: Dodged            |    93 |    15 |    79 ||   187
Block: Kite shield       |       |    11 |       ||    11

Table legend: (Time is in decaauts)
 A = Elapsed time spent in this place.
 B = Non-inter-level travel time spent in this place.
 C = Inter-level travel time spent in this place.
 D = Time resting spent in this place.
 E = Time spent auto-exploring this place.
 F = Levels seen in this place.
 G = Mean time per level.
                   A        B        C        D        E       F      G
               +--------+--------+--------+--------+--------+-----+--------+
         Total |   5858 |   5667 |    191 |     60 |   2277 |   9 |  650.9 |
       Dungeon |   5777 |   5604 |    173 |     60 |   2248 |   8 |  722.1 |
        Temple |     80 |     62 |     18 |      0 |     29 |   1 |   80.0 |
               +--------+--------+--------+--------+--------+-----+--------+

Top non-repeatable levels by time:
     D:3: 1001 daAuts
     D:5: 926 daAuts
     D:4: 867 daAuts
     D:6: 790 daAuts
     D:2: 740 daAuts
     D:7: 710 daAuts
     D:1: 563 daAuts
     D:8: 177 daAuts
  Temple: 80 daAuts
